 Dungeon Crawl Stone Soup version 0.27-a0-262-gc50aac273e (webtiles) character file.

Game seed: 8914781012600251950

922486 VeinyPole the Heavyweight Champion (level 27, -1/278 HPs)
             Began as a Troll Delver on Feb 4, 2021.
             Was the Champion of the Shining One.
             Slain by an Orb Guardian (19 damage)
             ... on level 5 of the Realm of Zot.
             The game lasted 02:17:32 (78842 turns).

VeinyPole the Heavyweight Champion (Troll Delver)  Turns: 78842, Time: 02:17:33

Health: -1/278     AC: 41    Str: 42    XL:     27
Magic:  17/35      EV:  4    Int:  6    God:    the Shining One [******]
Gold:   9746       SH:  0    Dex: 23    Spells: 42/44 levels left

rFire    + + +     SeeInvis .     - Unarmed
rCold    + + +     Faith    .   v - +2 shield of Resistance {rF++ rC++ Will++}
rNeg     + + +     Spirit   .   i - +10 gold dragon scales "Ihoinwut" {rPois rF+ rC+ Will- Str+5}
rPois    +         Reflect  .   R - +0 hat "Kiul Car" {rElec rN+ Int-2}
rElec    +         Harm     .   w - +2 cloak {Will+}
rCorr    +         Rampage  .   (gloves unavailable)
Will     +++++     Rnd*Tele +   (boots unavailable)
Stlth    ..........             e - amulet of the Bull {+Fly rF+ Regen+ Str+3 Dex+7}
HPRegen  1.36/turn              k - ring of Sloth {*Contam rN++ rCorr Int+4 Stlth+}
MPRegen  0.24/turn              X - ring "Piqog" {rElec rF+ Will+ Str+2}

@: about to teleport, held, glowing
A: large, unfitting armour, claws 3, rugged brown scales 1, dopey 1, frail 1,
mutation resistance 1, sense surroundings 1, regeneration 1, shaggy fur 1,
teleportitis 1, tough skin 3
}: 7/15 runes: serpentine, barnacled, slimy, silver, iron, obsidian, abyssal
a: Renounce Religion, Evoke Flight, Divine Shield, Cleansing Flame, Summon
Divine Warrior, Brand Weapon With Holy Wrath


You were on level 5 of the Realm of Zot.
You worshipped the Shining One.
The Shining One was exalted by your worship.
You visited 15 branches of the dungeon, and saw 69 of its levels.
You visited the Abyss 4 times.
You also visited: Ice Cave.

You collected 11346 gold pieces.
You spent 1600 gold pieces at shops.

Inventory:

Missiles
 H - 134 large rocks (quivered)
 Y - 57 silver javelins
Armour
 i - the +10 gold dragon scales "Ihoinwut" (worn) {rPois rF+ rC+ Will- Str+5}
   (You acquired it on level 9 of the Dungeon)

   It affects your strength (+5).
   It protects you from fire.
   It protects you from cold.
   It protects you from poison.
   It affects your willpower, your defense against some magical effects.
 q - a +8 tower shield of protection
 v - the +2 shield of Resistance (worn) {rF++ rC++ Will++}
   (You found it on level 5 of the Pits of Slime)

   It greatly protects you from fire.
   It greatly protects you from cold.
   It affects your willpower, your defense against some magical effects.
 w - a +2 cloak of willpower (worn)
 R - the +0 hat "Kiul Car" (worn) {rElec rN+ Int-2}
   (You acquired it on level 2 of the Depths)

   It affects your intelligence (-2).
   It insulates you from electricity.
   It protects you from negative energy.
Jewellery
 e - the amulet of the Bull (around neck) {+Fly rF+ Regen+ Str+3 Dex+7}
   (You found it on level 5 of the Pits of Slime)

   [amulet of regeneration]

   It affects your strength (+3).
   It affects your dexterity (+7).
   It protects you from fire.
   It lets you fly.
   It increases your rate of regeneration.
 k - the ring of Sloth (left claw) {*Contam rN++ rCorr Int+4 Stlth+}
   (You found it on level 4 of the Vaults)

   [ring of resist corrosion]

   It affects your intelligence (+4).
   It greatly protects you from negative energy.
   It causes magical contamination when unequipped.
   It provides partial protection from all sources of acid and corrosion.
   It makes you more stealthy.
 p - the ring of the Crown {+Inv Will+ Str+6 Int+3}
   (You found it on level 2 of the Abyss)

   [ring of strength]

   It affects your strength (+6).
   It affects your intelligence (+3).
   It affects your willpower, your defense against some magical effects.
   It lets you turn invisible.
 t - the amulet "Fer Qesch" {RegenMP Will+ Int+2}
   (You found it on level 5 of the Pits of Slime)

   [amulet of magic regeneration]

   It increases your magic regeneration.
   It affects your intelligence (+2).
   It affects your willpower, your defense against some magical effects.
 u - a cursed -4 ring of protection
 C - the ring "Guphypimm" {rElec rF++ Str+8 Int+6 Slay-3}
   (You found it on level 5 of the Pits of Slime)

   [ring of intelligence]

   It affects your strength (+8).
   It affects your intelligence (+6).
   It affects your accuracy and damage with ranged weapons and melee attacks
   (-3).
   It greatly protects you from fire.
   It insulates you from electricity.
 L - an uncursed ring of willpower
 X - the ring "Piqog" (right claw) {rElec rF+ Will+ Str+2}
   (You acquired it on level 3 of the Abyss)

   [ring of protection from fire]

   It affects your strength (+2).
   It protects you from fire.
   It insulates you from electricity.
   It affects your willpower, your defense against some magical effects.
Wands
 f - a wand of digging (10)
 h - a wand of polymorph (49)
 r - a wand of flame (139)
 z - a wand of paralysis (34)
 A - a wand of iceblast (20)
 E - a wand of charming (41)
 Q - a wand of acid (52)
 S - a wand of mindburst (74)
 Z - a wand of random effects (37)
Scrolls
 b - 12 scrolls of fog
 c - 8 scrolls of magic mapping
 d - 4 scrolls of fear
 g - 41 scrolls of remove curse
 j - 3 scrolls of amnesia
 m - 21 scrolls of teleportation
 n - 20 scrolls of identify
 y - 5 scrolls of enchant weapon
 B - 5 scrolls of vulnerability
 I - a scroll of silence
 K - 5 scrolls of summoning
 T - 7 scrolls of enchant armour
 V - 8 scrolls of immolation
 W - 2 scrolls of holy word
Potions
 l - 2 potions of haste
 o - 3 potions of brilliance
 s - 4 potions of magic
 x - 12 potions of might
 D - 7 potions of flight
 G - 2 potions of berserk rage
 J - 2 potions of cancellation
 M - 14 potions of lignification
 O - 8 potions of attraction
 P - 4 potions of invisibility
 U - 7 potions of ambrosia


   Skills:
 * Level 21.7 Fighting
 - Level 16.7 Throwing
 - Level 19.0 Armour
 - Level 1.5 Dodging
 - Level 3.0 Stealth
 - Level 20.0 Shields
 O Level 27 Unarmed Combat
 - Level 9.1 Spellcasting
 - Level 9.7 Air Magic
 - Level 18.0 Invocations
 - Level 5.7 Evocations


You had 42 spell levels left.
You knew the following spells:

 Your Spells              Type           Power        Failure   Level
a - Swiftness             Air            14%          3%          2

Your spell library contained the following spells:

 Spells                   Type           Power        Failure   Level
 Shock                    Conj/Air       32%          16%         1
 Airstrike                Air            7%           21%         4
 Poisonous Vapours        Pois/Air       16%          24%         2
 Static Discharge         Conj/Air       8%           43%         3
 Mephitic Cloud           Conj/Pois/Air  6%           65%         3
 Animate Skeleton         Necr           4%           75%         1
 Apportation              Tloc           4%           75%         1
 Beastly Appendage        Tmut           4%           75%         1
 Corona                   Hex            2%           75%         1
 Freeze                   Ice            8%           75%         1
 Magic Dart               Conj           8%           75%         1
 Pain                     Necr           8%           75%         1
 Sandblast                Erth           4%           75%         1
 Sting                    Tmut/Pois      8%           75%         1
 Summon Small Mammal      Summ           8%           75%         1
 Summon Lightning Spire   Summ/Air       8%           83%         4
 Blink                    Tloc           N/A          86%         2
 Call Imp                 Summ           2%           86%         2
 Ensorcelled Hibernation  Hex/Ice        4%           86%         2
 Passwall                 Tmut/Erth      1%           86%         2
 Searing Ray              Conj           4%           86%         2
 Slow                     Hex            2%           86%         2
 Wereblood                Tmut           2%           86%         2
 Call Canine Familiar     Summ           2%           98%         3
 Confusing Touch          Hex            2%           98%         3
 Conjure Flame            Conj/Fire      2%           98%         3
 Dazzling Flash           Conj/Hex       4%           98%         3
 Frozen Ramparts          Ice            4%           98%         3
 Gell's Gravitas          Tloc           1%           98%         3
 Ignite Poison            Fire/Tmut/Pois 2%           98%         3
 Inner Flame              Hex/Fire       2%           98%         3
 Lesser Beckoning         Tloc           1%           98%         3
 Ozocubu's Armour         Ice            2%           98%         3
 Portal Projectile        Hex/Tloc       4%           98%         3
 Spider Form              Tmut/Pois      1%           98%         3
 Stone Arrow              Conj/Erth      4%           98%         3
 Summon Guardian Golem    Hex/Summ       2%           98%         3
 Teleport Other           Tloc           2%           98%         3
 Tukima's Dance           Hex            2%           98%         3
 Vampiric Draining        Necr           1%           98%         3
 Lightning Bolt           Conj/Air       4%           99%         5
 Silence                  Hex/Air        4%           99%         5
 Animate Armour           Summ/Erth      4%           100%        4
 Animate Dead             Necr           1%           100%        4
 Cause Fear               Hex            1%           100%        4
 Fulminant Prism          Conj/Hex       1%           100%        4
 Hailstorm                Conj/Ice       2%           100%        4
 Ice Form                 Ice/Tmut       2%           100%        4
 Iskenderun's Mystic Bla  Conj/Tloc      2%           100%        4
 Leda's Liquefaction      Hex/Erth       1%           100%        4
 Olgreb's Toxic Radiance  Pois           2%           100%        4
 Passage of Golubria      Tloc           N/A          100%        4
 Petrify                  Tmut/Erth      2%           100%        4
 Summon Ice Beast         Ice/Summ       2%           100%        4
 Agony                    Necr           2%           100%        5
 Blade Hands              Tmut           1%           100%        5
 Bolt of Magma            Conj/Fire/Erth 1%           100%        5
 Borgnjor's Vile Clutch   Necr/Erth      1%           100%        5
 Fireball                 Conj/Fire      1%           100%        5
 Irradiate                Conj/Tmut      1%           100%        5
 Iskenderun's Battlesphe  Conj           2%           100%        5
 Lee's Rapid Deconstruct  Erth           1%           100%        5
 Metabolic Englaciation   Hex/Ice        1%           100%        5
 Summon Forest            Summ/Tloc      1%           100%        5
 Summon Mana Viper        Hex/Summ       2%           100%        5
 Yara's Violent Unravell  Hex/Tmut       1%           100%        5
 Conjure Ball Lightning   Conj/Air       4%           100%        6
 Dispersal                Tloc           1%           100%        6
 Freezing Cloud           Conj/Ice/Air   3%           100%        6
 Iron Shot                Conj/Erth      1%           100%        6
 Shadow Creatures         Summ           N/A          100%        6
 Simulacrum               Ice/Necr       1%           100%        6
 Starburst                Conj/Fire      1%           100%        6
 Statue Form              Tmut/Erth      1%           100%        6
 Dragon Form              Tmut           1%           100%        7
 Malign Gateway           Summ/Tloc      1%           100%        7
 Orb of Destruction       Conj           1%           100%        7
 Ozocubu's Refrigeration  Ice            1%           100%        7
 Spellforged Servitor     Conj/Summ      1%           100%        7
 Summon Hydra             Summ           1%           100%        7
 Chain Lightning          Conj/Air       4%           100%        8
 Disjunction              Tloc           1%           100%        8
 Ignition                 Fire           1%           100%        8
 Lehudib's Crystal Spear  Conj/Erth      1%           100%        8
 Absolute Zero            Ice            1%           100%        9
 Fire Storm               Conj/Fire      1%           100%        9
 Shatter                  Erth           1%           100%        9
 Tornado                  Air            7%           100%        9


Dungeon Overview and Level Annotations

Branches:
Dungeon (15/15)            Temple (1/1) D:4            Lair (6/6) D:10
 Shoals (4/4) Lair:2        Snake (4/4) Lair:2        Slime (5/5) Lair:5
    Orc (2/2) D:10            Elf (3/3) Orc:2        Vaults (5/5) D:14
  Crypt (1/3) Vaults:3     Depths (5/5) D:15           Hell (visited)
    Dis (7/7) Hell            Geh (7/7) Hell            Coc (0/7) Hell
    Tar (0/7) Hell            Zot (5/5) Depths:5      IceCv (visited)

Altars:
Ashenzari
Cheibriados
Dithmenos
Fedhas
Gozag
Kikubaaqudgha
Makhleb
Okawaru
Ru
Sif Muna
Trog
Vehumet
Wu Jian
Xom
The Shining One
Beogh
Jiyva

Shops:
D:4 :   D:9 [   D:10 }   Orc:2 [([!   Elf:2 }   Elf:3 !   Vaults:4 [

Portals:
Hell: Depths:1 Depths:2 Depths:4 Depths:5
Abyss: Depths:1 Depths:2 Depths:4
Pandemonium: Depths:1
Ziggurat: Depths:2
Trove: D:12 (give 19 potions of curing)

Annotations:
D:15 Dolimn's ghost, journeyman DgFi
Crypt:1 Mennas
Depths:4 3 runed translucent doors, Gampoalomu's ghost, veteran DrTm
Zot:5 Dwachs's ghost, legendary GnIE


Innate Abilities, Weirdness & Mutations

You are too large for most types of armour.
You have claws for hands.
Your natural rate of healing is unusually fast.
You are covered in fur. (AC +1)
You have extremely tough skin. (AC +3)
You are partially covered in rugged brown scales. (AC +1, +3% HP)
You are dopey. (Int -2)
You are frail. (-10% HP)
You are somewhat resistant to further mutation.
You passively map a small area around you.
You are occasionally teleported next to monsters.


Message History

As you read the scroll of teleportation, it crumbles to dust.
You feel strangely unstable.
You feel the Orb delaying your translocation!
The Orb Guardian hits you but does no damage. x3
The Killer Klown blinks!
Okay, then.
As you read the scroll of fear, it crumbles to dust.
You assume a fearsome visage.
The Orb Guardian resists with almost no effort. x3
The orb of fire is unaffected.
The Orb Guardian looks frightened!
The Orb Guardian resists with almost no effort. x3
The Orb Guardian resists with some effort.
The Orb Guardian resists with almost no effort.
The moth of wrath looks frightened!
The Orb Guardian barely misses you. The Orb Guardian hits you!!
The Shining One protects you from harm! The Orb Guardian hits you.
* * * LOW HITPOINT WARNING * * *
The Orb Guardian hits you!!
You die...

, * ,, ....A.......▓
▓▓▓▓▓▓▓
.X...§......▓▓▓....^=. ,
.......8....▓▓@X..X... *
..............▓XXX^?....
.L^.^...........X...0...
,,
§..^......§..*▓X.^y.....
,
.....L§.X8.X..▓▓.^...^..
*
.........L...§▓▓▓.....^.
, §.?.^.L§.....§#
▓▓▓▓▓▓▓ .............##
, .......p...▓##


You could see an orb of fire, an electric golem, a dread lich, 8 Orb Guardians
and a moth of wrath (fleeing).

Vanquished Creatures
  Asmodeus (Geh:7)
  A dread lich (Vaults:5)
  An orb of fire (Zot:3)
  Mara (Shoals:3)
  3 ancient liches
  A caustic shrike (Depths:2)
  Vashnia (Snake:2)
  2 curse toes (Zot:4)
  Geryon (Hell)
  Saint Roka (Vaults:4)
  A profane servitor (Abyss:3)
  6 golden dragons
  8 bone dragons
  2 electric golems (Zot:1)
  4 iron giants (Dis:7)
  A Tzitzimitl (Dis:5)
  14 Brimstone Fiends
  A hellephant (Abyss:3)
  13 Hell Sentinels
  The ghost of Vulpy the Executioner, an adept MiBe of Trog (Shoals:4)
  10 liches
  3 Ice Fiends
  Asterion (Depths:1)
  16 tentacled monstrosities
  2 Orb Guardians (Zot:5)
  4 deep elf master archers
  Polyphemus (Shoals:3)
  10 deep elf blademasters
  14 quicksilver dragons
  16 titans
  12 death cobs
  4 Executioners
  23 acid blobs
  17 tentacled starspawn
  7 shadow dragons
  2 thorn hunters (Depths:4)
  4 sphinxes
  An ancient champion (Dis:6)
  11 storm dragons
  Roxanne (Shoals:4)
  12 nagarajas
  Ilsuiw (Shoals:3)
  3 draconian monks
  14 azure jellies
  7 tengu reavers
  2 daevas
  24 fire giants
  21 frost giants
  15 vault wardens
  Donald (Shoals:1)
  2 ghost moths
  8 balrugs
  Aizul (Elf:1)
  13 deep elf sorcerers
  5 draconian knights
  6 draconian scorchers
  20 iron dragons
  11 cacodemons
  The ghost of confidenceinterval the Protected, a journeyman GnWn of Cheibriados (D:13)
  8 deep elf elementalists
  A spriggan defender (Depths:2)
  18 ironheart preservers
  44 very ugly things
  4 draconian shifters
  7 draconian stormcallers
  39 reapers
  20 war gargoyles
  A ghoul (Vaults:1)
  The ghost of Yvebeh the Fighter, a journeyman OgIE of Okawaru (Orc:1)
  5 green draconians
  24 stone giants
  A stone giant (shapeshifter) (Vaults:5)
  10 deep elf demonologists
  4 vampire knights
  4 lorocyprocas
  31 red draconians
  8 yellow draconians
  40 starcursed masses
  3 entropy weavers
  5 deep elf annihilators (Elf:3)
  12 white draconians
  10 black draconians
  11 spark wasps
  9 merfolk impalers
  A crystal guardian (Abyss:3)
  3 merfolk javelineers
  7 purple draconians
  6 blizzard demons
  3 quicksilver dragon zombies
  11 deep elf death magi
  10 death oozes
  11 fire dragons
  19 ettins
  5 green deaths
  22 yaktaur captains
  Josephine (D:10)
  4 deep elf high priests (Elf:3)
  15 great orbs of eyes
  A quicksilver dragon skeleton (Geh:1)
  8 ice dragons
  2 kraken zombies (Hell)
  7 spriggan air magi
  30 vault guards
  A hydra (shapeshifter) (Vaults:5)
  A monstrous demonspawn (Depths:1)
  A hell beast (Depths:1)
  3 boulder beetles
  9 hydras
  24 ogre magi
  12 naga warriors
  16 rakshasas
  The ghost of iamserjio the Slicer, a journeyman VSDe of Uskayaw (D:14)
  9 merfolk avatars
  The ghost of Morbidden the Grave Robber, a novice TrNe of Gozag (D:8)
  2 alligator snapping turtles
  Erica (D:8)
  23 anacondas
  16 centaur warriors
  6 deep troll shamans
  73 two-headed ogres
  2 catoblepae
  6 death knights
  27 dancing weapons
  An alligator (Shoals:4)
  41 hell hogs
  10 merfolk aquamancers
  A tengu warrior (Depths:4)
  20 death yaks
  13 deep troll earth magi
  9 shock serpents
  2 spriggan berserkers
  An orc high priest (Orc:1)
  26 sun demons
  Sonja (D:10)
  11 naga sharpshooters
  18 iron golems
  11 wretched stars
  12 thrashing horrors
  32 deep elf knights
  A fire crab (shapeshifter) (Vaults:5)
  7 titan zombies
  6 soul eaters
  5 storm dragon zombies
  6 sixfirhies
  A salamander mystic (Snake:4)
  3 anaconda zombies
  16 hell knights
  32 skeletal warriors
  4 titan skeletons
  A death drake (Abyss:3)
  23 iron trolls
  3 shadow wraiths
  3 unseen horrors
  4 shadow demons
  6 spatial maelstroms
  An unseen horror (shapeshifter) (Depths:5)
  4 golden dragon zombies
  10 flayed ghosts
  13 sea snakes
  13 naga ritualists
  26 deep elf archers
  Pikel (D:4)
  11 glowing orange brains
  15 ironbrand convokers
  6 shadow dragon zombies
  24 deep trolls
  7 anaconda skeletons
  4 golden dragon skeletons
  A kraken simulacrum (Hell)
  19 orc knights
  14 wizards
  An orange crystal statue (Vaults:3)
  52 deep elf pyromancers
  2 wolf spider zombies (Dis:7)
  15 phantasmal warriors
  30 harpies
  21 mana vipers
  6 frost giant zombies
  9 shining eyes
  9 necromancers
  32 ugly things
  An orb spider (Abyss:3)
  30 deep elf zephyrmancers
  2 wolf spiders
  9 orc sorcerers
  15 fauns
  4 iron dragon zombies
  A shadow dragon skeleton (Geh:1)
  2 oklob plants (Lair:4)
  12 cyclopes
  A will-o-the-wisp (Abyss:3)
  21 moths of wrath
  7 fire giant zombies
  A salamander (shapeshifter) (D:14)
  A draconian (Zot:1)
  6 stone giant zombies
  9 salamanders
  13 manticores
  A manticore (shapeshifter) (Vaults:5)
  A stone giant skeleton (Geh:7)
  4 elephants (Lair:5)
  4 dire elephant zombies
  5 worldbinders
  An iron dragon skeleton (Geh:2)
  2 fire giant skeletons
  Maurice (D:10)
  2 apocalypse crabs (Abyss:5)
  15 vault sentinels
  4 water nymphs
  3 shock serpent zombies
  56 rust devils
  23 smoke demons
  13 molten gargoyles
  4 ice statues
  4 eyes of devastation
  A guardian serpent (shapeshifter) (Depths:1)
  18 guardian serpents
  39 black mambas
  7 frost giant skeletons
  Joseph (Lair:1)
  14 merfolk sirens
  13 naga magi
  8 orange demons
  63 yaktaurs
  13 cane toads
  2 demonic crawlers
  23 hellions
  2 yaktaur zombies (Hell)
  A dire elephant skeleton (Geh:3)
  5 spectral swamp worms (Depths:5)
  A catoblepas zombie (Geh:7)
  An elf zombie (Hell)
  31 tormentors
  2 rime drakes
  8 efreet
  A minotaur skeleton (Geh:7)
  2 yaktaurs (shapeshifter)
  A catoblepas skeleton (Dis:6)
  7 freezing wraiths
  10 komodo dragons
  A yellow draconian skeleton (Dis:6)
  5 tengu conjurers
  A silent spectre (Abyss:1)
  25 ice devils
  2 anaconda simulacra
  5 hellwings
  A meliai (shapeshifter) (Vaults:1)
  7 hydra zombies
  30 red devils
  14 ancient zymes
  11 trolls
  A polar bear (Lair:6)
  A polar bear (shapeshifter) (Vaults:3)
  13 wind drakes
  A jumping spider (shapeshifter) (Depths:1)
  6 harpy zombies
  14 blink frogs
  A harpy skeleton (Geh:1)
  9 hornets
  37 merfolk
  29 raiju
  Prince Ribbit (D:8)
  A human simulacrum (Vaults:2)
  3 ice dragon zombies
  A spriggan zombie (Hell)
  11 ettin zombies
  19 dream sheep
  12 snapping turtles
  A raiju (shapeshifter) (D:10)
  A blink frog (shapeshifter) (Vaults:5)
  4 hydra skeletons
  2 deep troll zombies (Hell)
  97 slime creatures
  2 fire giant simulacra
  3 fire dragon zombies
  A black mamba zombie (Geh:3)
  An alligator zombie (Dis:6)
  11 spriggans (Lair:6)
  An alligator skeleton (Geh:3)
  3 ettin skeletons
  42 flying skulls
  A redback (shapeshifter) (Depths:1)
  4 redbacks
  28 wraiths
  A tarantella (Vaults:4)
  7 ynoxinuls
  36 yaks
  27 water elementals
  51 fire elementals
  20 shadows
  2 ice dragon skeletons
  A vampire (Dis:6)
  9 air elementals
  5 fire bats
  2 spriggans (shapeshifter)
  A tarantella (shapeshifter) (Depths:2)
  A basilisk (shapeshifter) (Depths:2)
  A black mamba skeleton (Geh:7)
  A human (shapeshifter) (Depths:2)
  2 fire dragon skeletons
  23 golden eyes
  64 large abominations
  A hog (shapeshifter) (D:14)
  2 steam dragons
  6 wyverns
  3 basilisks
  6 chaos spawn
  9 neqoxecs
  A yaktaur simulacrum (Vaults:3)
  10 spatial vortices
  5 vampire mosquitoes
  3 tengu zombies
  Menkaure (D:5)
  A human zombie (Hell)
  9 wargs
  4 acid dragons
  43 nagas
  2 soldier ants (shapeshifter)
  13 water moccasins
  2 cane toad zombies
  63 hell hounds
  Duvessa (D:4)
  2 floating eyes
  3 swamp dragon zombies
  An ettin simulacrum (Vaults:2)
  4 snapping turtle zombies
  57 orc warriors
  9 black bears
  A hornet zombie (D:11)
  3 ice beasts
  3 human skeletons
  9 sky beasts
  A cane toad skeleton (Geh:7)
  13 eyes of draining
  68 ogres
  18 wolves (Lair:6)
  9 boggarts
  2 manticore zombies
  14 necrophages
  34 centaurs
  2 snapping turtle skeletons
  2 lemures
  8 big kobolds
  2 manticore skeletons
  5 phantoms
  A swamp dragon skeleton (Geh:6)
  3 wyvern zombies
  9 bullfrogs
  4 earth elementals
  A water moccasin zombie (D:8)
  Dowan (D:4)
  3 scorpions
  A wyvern skeleton (D:15)
  An elf skeleton (Geh:3)
  41 small abominations
  A troll zombie (Geh:2)
  An orc simulacrum (Vaults:2)
  15 killer bees
  67 wights
  5 jellies
  7 howler monkeys
  9 crimson imps
  2 bullfrog zombies
  7 centaur zombies
  7 quasits
  8 hounds
  A bullfrog skeleton (D:13)
  6 centaur skeletons
  19 orc priests
  2 gnoll shamans
  55 iron imps
  8 iguanas
  Ijyb (D:5)
  Natasha (thrice) (D:4)
  37 orc wizards
  17 worker ants
  A tengu skeleton (Geh:3)
  2 hound skeletons
  11 mummies
  2 howler monkey zombies (D:8)
  2 worker ant zombies
  12 gnolls
  10 adders
  A howler monkey skeleton (D:9)
  A shadow imp (D:8)
  16 white imps
  16 ufetubi
  4 oozes
  2 adder zombies
  3 adder skeletons
  A worm (D:4)
  4 leopard geckos
  128 orcs
  A ball python (D:5)
  3 giant cockroaches
  A goblin (D:3)
  12 jackals
  8 kobolds
  7 quokkas
  5 bats
  3 frilled lizards
  A jackal skeleton (D:4)
  A jackal zombie (D:5)
  A kobold zombie (Geh:2)
  A leopard gecko skeleton (D:5)
  A leopard gecko zombie (D:8)
  A quokka skeleton (D:4)
  A quokka zombie (D:5)
  2 rats (D:3)
  3 fire vortices (Depths:4)
  2 lurking horrors
  16 starspawn tentacles
  7 tentacles (Hell)
4147 creatures vanquished.

Vanquished Creatures (collateral kills)
  the Royal Jelly (Slime:5)
  Dispater (Dis:7)
  3 Hell Sentinels (Dis:7)
  An acid blob (Slime:5)
  An azure jelly (Slime:5)
  2 reapers (Dis:7)
  A blizzard demon (Hell)
  A green death (Dis:7)
  A great orb of eyes (Slime:5)
  4 hell hogs (Hell)
  A sun demon (Hell)
  A shadow dragon zombie (Hell)
  A rust devil (Dis:7)
  A smoke demon (Hell)
  2 hellions (Dis:7)
  An ice devil (Dis:7)
  A freezing wraith (Dis:7)
  A harpy zombie (Dis:7)
  A spriggan zombie (Hell)
  2 hell hounds (Hell)
  A phantom (Dis:7)
  An iron imp (Dis:7)
30 creatures vanquished.

Vanquished Creatures (others)
  A reaper (IceCv)
  An ogre mage (Vaults:3)
  A spriggan berserker (Depths:2)
  A hell hog (Geh:7)
  A naga sharpshooter (Snake:4)
  A sea snake (shapeshifter) (Abyss:3)
  A naga ritualist (Snake:4)
  A harpy (Shoals:4)
  A dream sheep (Shoals:4)
  An air elemental (Elf:3)
  A wraith (Geh:3)
  A shadow (Geh:3)
  A fire elemental (Geh:3)
  A spatial vortex (Abyss:3)
  3 small abominations
  An ogre (Depths:3)
  6 wights
  3 iron imps
  An orc wizard (D:12)
  2 white imps (IceCv)
  8 ufetubi (IceCv)
  A bush (D:15)
  13 fungi
  4 lurking horrors
  104 plants
  38 starspawn tentacles
  12 tentacles (Hell)
  4 withered plants (D:11)
214 creatures vanquished.

Grand Total: 4391 creatures vanquished

Notes
Turn   | Place    | Note
-------+----------+-------------------------------------------
     0 | D:5      | VeinyPole the Troll Delver began the quest for the Orb.
     0 | D:5      | Reached XP level 1. HP: 22/22 MP: 0/0
    43 | D:5      | Noticed Ijyb
    58 | D:5      | Killed Ijyb
    59 | D:5      | Reached skill level 3 in Unarmed Combat
    59 | D:5      | Reached XP level 2. HP: 29/29 MP: 1/1
    96 | D:5      | Noticed a phantom
   109 | D:5      | Killed a phantom
   110 | D:5      | Reached skill level 4 in Unarmed Combat
   110 | D:5      | Reached XP level 3. HP: 14/36 MP: 2/2
   110 | D:5      | Reached XP level 4. HP: 18/44 MP: 3/3
   224 | D:5      | Reached skill level 5 in Unarmed Combat
   285 | D:5      | Got a dazzling falchion
   286 | D:5      | Identified the +7 falchion "Rokiapon" {drain, rC++} (You
                  | found it on level 5 of the Dungeon)
   305 | D:5      | Reached XP level 5. HP: 50/50 MP: 4/4
   429 | D:4      | Reached skill level 6 in Unarmed Combat
   506 | D:4      | Reached XP level 6. HP: 57/59 MP: 5/5
   535 | D:4      | Noticed Natasha
   541 | D:4      | Killed Natasha
   680 | D:4      | Noticed Natasha
   688 | D:4      | Killed Natasha
   689 | D:4      | Reached skill level 7 in Unarmed Combat
   746 | D:4      | Noticed Pikel
   748 | D:4      | Noticed Menkaure
  1109 | D:4      | Noticed Natasha
  1111 | D:4      | Noticed Dowan
  1111 | D:4      | Noticed Duvessa
  1117 | D:4      | Killed Duvessa
  1118 | D:4      | Reached XP level 7. HP: 63/66 MP: 6/6
  1292 | D:5      | Killed Menkaure
  1293 | D:5      | Reached skill level 8 in Unarmed Combat
  1400 | D:4      | Killed Natasha
  1408 | D:4      | Killed Pikel
  1409 | D:4      | Reached skill level 9 in Unarmed Combat
  1448 | D:4      | Killed Dowan
  1453 | D:4      | Found a staircase to the Ecumenical Temple.
  1512 | Temple   | Entered the Ecumenical Temple
  1521 | Temple   | Became a worshipper of Warmaster Okawaru
  1636 | D:4      | Found Isowkiacw's Book Shop.
  1979 | D:5      | Reached XP level 8. HP: 74/74 MP: 7/7
  2097 | D:5      | Found a glowing golden altar of the Shining One.
  2287 | D:6      | Reached skill level 10 in Unarmed Combat
  2379 | D:6      | Reached * piety under Okawaru
  2864 | D:7      | Found a snail-covered altar of Cheibriados.
  2950 | D:7      | Reached skill level 11 in Unarmed Combat
  3164 | D:7      | Found an opulent altar of Gozag.
  3171 | D:7      | Reached ** piety under Okawaru
  3376 | D:7      | Got a brightly glowing robe
  3387 | D:7      | Identified the +0 robe "Icvo" {+Fly Will+ Stlth-} (You
                  | found it on level 7 of the Dungeon)
  3398 | D:7      | Reached XP level 9. HP: 80/80 MP: 8/8
  3572 | D:8      | Noticed Prince Ribbit
  3585 | D:8      | Killed Prince Ribbit
  3586 | D:8      | Reached skill level 12 in Unarmed Combat
  3733 | D:8      | Reached skill level 1 in Armour
  3760 | D:8      | Reached skill level 1 in Throwing
  3968 | D:8      | Found a runed translucent gate.
  3968 | D:8      | Found a runed translucent gate.
  3968 | D:8      | Found a runed translucent gate.
  3969 | D:8      | Noticed Morbidden's ghost (novice TrNe)
  4190 | D:8      | Reached *** piety under Okawaru
  4204 | D:8      | Reached skill level 5 in Throwing
  4413 | D:8      | Found a shimmering blue altar of Sif Muna.
  4462 | D:8      | Noticed Erica
  4474 | D:8      | Killed Erica
  4474 | D:8      | Reached **** piety under Okawaru
  4475 | D:8      | Reached XP level 10. HP: 39/91 MP: 5/9
  4872 | D:9      | Found Ogaoss's Antique Armour Shoppe.
  4888 | D:9      | Reached skill level 13 in Unarmed Combat
  4889 | D:9      | Noticed a two-headed ogre
  5107 | D:9      | Killed a two-headed ogre
  5108 | D:9      | Noticed a two-headed ogre
  5115 | D:9      | Killed a two-headed ogre
  5115 | D:9      | Reached ***** piety under Okawaru
  5116 | D:9      | Reached skill level 14 in Unarmed Combat
  5147 | D:9      | Received a gift from Okawaru
  5427 | D:9      | Reached skill level 1 in Shields
  5612 | D:9      | Received a gift from Okawaru
  6085 | D:8      | Killed Morbidden's ghost
  6086 | D:8      | Reached XP level 11. HP: 32/97 MP: 2/10
  6413 | D:10     | Entered Level 10 of the Dungeon
  6413 | D:10     | Noticed Sonja
  6464 | D:9      | Identified a scroll of acquirement
  6468 | D:9      | Acquired the +10 gold dragon scales "Ihoinwut" {rPois rF+
                  | rC+ Will- Str+5}
  6643 | D:9      | Noticed a fire dragon
  6643 | D:9      | Noticed a fire dragon
  6652 | D:9      | Killed a fire dragon
  6653 | D:9      | Reached skill level 5 in Shields
  6656 | D:9      | Killed a fire dragon
  6894 | D:10     | Noticed a two-headed ogre
  6955 | D:10     | Noticed Maurice
  7202 | D:10     | Noticed a green ugly thing
  7204 | D:10     | Noticed Josephine
  7216 | D:9      | Killed a green ugly thing
  7238 | D:9      | Received a gift from Okawaru
  7262 | D:10     | Killed Josephine
  7518 | D:10     | Found Nashry Peoxt's Gadget Shop.
  7766 | D:10     | Killed Maurice
  7803 | D:10     | Cast into level 1 of the Abyss (Sonja)
  8040 | Abyss:1  | Killed an unseen horror
  8264 | Abyss:2  | Noticed a sixfirhy
  8273 | Abyss:2  | Killed a sixfirhy
  8308 | Abyss:3  | Noticed a red very ugly thing
  8308 | Abyss:3  | Noticed a white draconian
  8309 | Abyss:3  | Noticed a white very ugly thing
  8334 | Abyss:3  | Killed a red very ugly thing
  8335 | Abyss:3  | Reached XP level 12. HP: 92/105 MP: 8/11
  8343 | D:10     | Escaped the Abyss
  8344 | D:10     | Killed a white very ugly thing
  8345 | D:10     | Reached skill level 15 in Unarmed Combat
  8359 | D:10     | Killed Sonja
  8359 | D:10     | Reached ****** piety under Okawaru
  8359 | D:10     | Received a gift from Okawaru
  8635 | D:10     | Got an ancient hat {god gift}
  8641 | D:10     | Identified the +2 hat "Taguhayn" {Str+2} (Okawaru gifted it
                  | to you on level 10 of the Dungeon)
  8705 | D:10     | Killed a two-headed ogre
  8779 | D:10     | Noticed a two-headed ogre
  8783 | D:10     | Killed a two-headed ogre
  8910 | D:10     | Found a roughly hewn altar of Beogh.
  8913 | D:10     | Found a staircase to the Orcish Mines.
  8931 | D:10     | Reached skill level 16 in Unarmed Combat
  8960 | D:10     | Found a staircase to the Lair.
  8999 | Lair:1   | Entered Level 1 of the Lair of Beasts
  9841 | Lair:1   | Noticed Joseph
  9844 | Lair:1   | Noticed a four-headed hydra
  9857 | Lair:1   | Killed Joseph
  9886 | Lair:1   | Killed a four-headed hydra
 10177 | Lair:2   | Found a staircase to the Shoals.
 10202 | Lair:2   | Noticed a seven-headed hydra
 10214 | Lair:2   | Killed a seven-headed hydra
 10215 | Lair:2   | Reached skill level 17 in Unarmed Combat
 10797 | Lair:2   | Found a staircase to the Snake Pit.
 10829 | Lair:2   | Reached XP level 13. HP: 111/111 MP: 12/12
 11187 | Lair:3   | Found a frozen archway.
 11196 | IceCv    | Entered an ice cave
 11357 | IceCv    | Killed a reaper
 11433 | IceCv    | Received a gift from Okawaru
 12483 | Lair:4   | Reached skill level 18 in Unarmed Combat
 12953 | Lair:4   | Received a gift from Okawaru
 13612 | Lair:5   | Received a gift from Okawaru
 13693 | Lair:5   | Found a runed translucent door.
 13727 | Lair:5   | Found a viscous altar of Jiyva.
 13849 | Lair:5   | Reached skill level 19 in Unarmed Combat
 14225 | Lair:5   | Reached XP level 14. HP: 96/120 MP: 13/13
 14852 | Lair:5   | Found a staircase to the Slime Pits.
 14890 | Lair:6   | Entered Level 6 of the Lair of Beasts
 14967 | Lair:6   | Received a gift from Okawaru
 14996 | Lair:6   | Reached skill level 20 in Unarmed Combat
 15670 | Lair:6   | Received a gift from Okawaru
 15671 | Lair:6   | Reached skill level 21 in Unarmed Combat
 15843 | Lair:6   | Received a gift from Okawaru
 16402 | Snake:1  | Entered Level 1 of the Snake Pit
 16456 | Snake:1  | Acquired a manual of Fighting
 16576 | Snake:1  | Reached skill level 10 in Shields
 16824 | Snake:1  | Reached XP level 15. HP: 115/127 MP: 14/14
 18238 | Snake:2  | Received a gift from Okawaru
 18264 | Snake:2  | Noticed Vashnia
 18307 | Snake:2  | Killed Vashnia
 18307 | Snake:2  | Received a gift from Okawaru
 18307 | Snake:2  | Received a gift from Okawaru
 18575 | Snake:2  | Noticed a nagaraja
 18581 | Snake:2  | Killed a nagaraja
 18592 | Snake:2  | Reached skill level 5 in Invocations
 18595 | Snake:2  | Learned a level 2 spell: Swiftness
 20116 | Snake:3  | Noticed a nagaraja
 20126 | Snake:3  | Killed a nagaraja
 20441 | Snake:3  | Received a gift from Okawaru
 20605 | Snake:3  | Reached XP level 16. HP: 95/135 MP: 16/21
 20651 | Snake:3  | Received a gift from Okawaru
 20999 | Snake:3  | Gained mutation: You are partially covered in yellow
                  | scales. (AC +2) [potion of mutation]
 20999 | Snake:3  | Gained mutation: You can translocate small distances at
                  | will. [potion of mutation]
 21055 | Snake:4  | Entered Level 4 of the Snake Pit
 21336 | Shoals:1 | Entered Level 1 of the Shoals
 21981 | D:11     | Lost mutation: You are partially covered in yellow scales.
                  | (AC +2) [potion of mutation]
 21981 | D:11     | Lost mutation: You can translocate small distances at will.
                  | [potion of mutation]
 21981 | D:11     | Gained mutation: You are surrounded by a mild repulsion
                  | field. (EV +2) [potion of mutation]
 21981 | D:11     | Gained mutation: You can translocate small distances at
                  | will. [potion of mutation]
 21981 | D:11     | Gained mutation: Your system is resistant to poisons.
                  | (rPois) [potion of mutation]
 21981 | D:11     | Gained mutation: Your mind is acute. (Int +2) [potion of
                  | mutation]
 21982 | D:11     | Lost mutation: Your mind is acute. (Int +2) [potion of
                  | mutation]
 21982 | D:11     | Gained mutation: Armour fits poorly on your strangely
                  | shaped body. [potion of mutation]
 21982 | D:11     | Gained mutation: You are partially covered in rugged brown
                  | scales. (AC +1, +3% HP) [potion of mutation]
 22663 | D:12     | Cast into level 2 of the Abyss (a wizard)
 22924 | Abyss:3  | Received a gift from Okawaru
 22961 | Abyss:3  | Acquired the ring "Piqog" {rElec rF+ Will+ Str+2}
 23021 | Abyss:3  | Noticed a profane servitor
 23049 | Abyss:3  | Killed a profane servitor
 23106 | Abyss:3  | Noticed a tentacled starspawn
 23121 | Abyss:3  | Killed a tentacled starspawn
 23374 | Abyss:3  | Noticed a hellephant
 23404 | Abyss:3  | Received a gift from Okawaru
 23414 | Abyss:3  | Killed a hellephant
 23426 | Abyss:3  | Received a gift from Okawaru
 23662 | Abyss:5  | Entered Level 5 of the Abyss
 23746 | Abyss:5  | Gained mutation: You are clumsy. (Dex -2) [a neqoxec]
 23784 | Abyss:5  | Noticed a tentacled starspawn
 23803 | Abyss:5  | Killed a tentacled starspawn
 23803 | Abyss:5  | Received a gift from Okawaru
 23804 | Abyss:5  | Reached XP level 17. HP: 132/145 MP: 19/22
 23807 | Abyss:5  | Noticed a lich
 23817 | Abyss:5  | Paralysed by accursed screaming for 2 turns
 23820 | Abyss:5  | Noticed a lich
 24048 | Abyss:5  | Reached skill level 15 in Shields
 24160 | D:12     | Escaped the Abyss
 24903 | D:12     | Found a portal to a secret trove of treasure.
 25424 | D:13     | Reached skill level 5 in Fighting
 25510 | D:13     | Found a transporter.
 25514 | D:13     | Noticed confidenceinterval's ghost (journeyman GnWn)
 25534 | D:13     | Found a transporter.
 25570 | D:13     | Gained mutation: Your magical capacity is low. (-10% MP) [a
                  | neqoxec]
 25576 | D:13     | Gained mutation: Scrolls take you a little longer to read.
                  | [a neqoxec]
 25586 | D:13     | Killed confidenceinterval's ghost
 25586 | D:13     | Received a gift from Okawaru
 25586 | D:13     | Gained mutation: You are dopey. (Int -2) [a neqoxec]
 25593 | D:13     | Got the ring of Zeg Isor {Int+6}
 26037 | D:13     | Found a shadowy altar of Dithmenos.
 26400 | D:14     | Noticed iamserjio's ghost (journeyman VSDe)
 26401 | D:14     | Found a runed translucent gate.
 26402 | D:14     | Found a runed translucent gate.
 26402 | D:14     | Found a runed translucent gate.
 26527 | D:14     | Killed iamserjio's ghost
 26921 | D:14     | Found a gate to the Vaults.
 27322 | D:15     | Entered Level 15 of the Dungeon
 27541 | D:15     | Noticed Dolimn's ghost (journeyman DgFi)
 27609 | D:15     | Reached skill level 10 in Fighting
 27625 | D:15     | Found a staircase to the Depths.
 27639 | D:15     | Received a gift from Okawaru
 27650 | Depths:1 | Entered Level 1 of the Depths
 27995 | Depths:1 | Found a one-way gate to the infinite horrors of the Abyss.
 28088 | Depths:1 | Found a one-way gate leading to the halls of Pandemonium.
 28110 | Depths:1 | Reached XP level 18. HP: 58/184 MP: 18/21
 28969 | Depths:1 | Noticed Asterion
 28999 | Depths:1 | Killed Asterion
 29032 | Depths:1 | Received a gift from Okawaru
 29550 | Depths:1 | Found a gateway to Hell.
 29809 | Hell     | Entered the Vestibule of Hell
 29809 | Hell     | Noticed Geryon
 30209 | Depths:1 | Received a gift from Okawaru
 30318 | Depths:2 | Found a gateway to a ziggurat.
 30748 | Orc:1    | Entered Level 1 of the Orcish Mines
 31016 | Orc:1    | Found a runed translucent gate.
 31195 | Orc:1    | Found a roughly hewn altar of Beogh.
 31267 | Orc:1    | Found a runed translucent gate.
 31285 | Orc:1    | Found a runed translucent gate.
 31286 | Orc:1    | Found an opulent altar of Gozag.
 31306 | Orc:1    | Noticed Yvebeh's ghost (journeyman OgIE)
 31551 | Orc:1    | Killed Yvebeh's ghost
 31620 | Orc:2    | Entered Level 2 of the Orcish Mines
 31642 | Orc:2    | Found a staircase to the Elven Halls.
 31785 | Orc:2    | Reached XP level 19. HP: 204/206 MP: 17/22
 31814 | Orc:2    | Reached skill level 15 in Fighting
 31982 | Orc:2    | Found Potu's Distillery.
 31982 | Orc:2    | Found Cieclyih's Antique Armour Shoppe.
 31983 | Orc:2    | Found Rapp's Weapon Shoppe.
 31983 | Orc:2    | Found Tocs's Armour Shop.
 31990 | Orc:2    | Bought a potion of heal wounds for 70 gold pieces
 31990 | Orc:2    | Bought a potion of heal wounds for 70 gold pieces
 31990 | Orc:2    | Bought a potion of heal wounds for 70 gold pieces
 31990 | Orc:2    | Bought a potion of heal wounds for 70 gold pieces
 31990 | Orc:2    | Bought a potion of might for 56 gold pieces
 31990 | Orc:2    | Bought 2 potions of might for 112 gold pieces
 31990 | Orc:2    | Bought a potion of might for 56 gold pieces
 32559 | Elf:1    | Entered Level 1 of the Elven Halls
 33459 | Snake:4  | Received a gift from Okawaru
 34011 | Snake:4  | Received a gift from Okawaru
 35406 | Snake:4  | Got a serpentine rune of Zot
 35834 | Shoals:1 | Noticed Donald
 35856 | Shoals:1 | Killed Donald
 36118 | Shoals:1 | Reached XP level 20. HP: 224/224 MP: 23/23
 36492 | Shoals:2 | Reached skill level 5 in Armour
 36763 | Shoals:2 | Received a gift from Okawaru
 37528 | Shoals:3 | Noticed Polyphemus
 37552 | Shoals:3 | Killed Polyphemus
 38047 | Shoals:3 | Noticed Ilsuiw
 38073 | Shoals:3 | Killed Ilsuiw
 38142 | Shoals:3 | Noticed Mara
 38144 | Shoals:3 | Noticed VeinyPole's illusion
 38157 | Shoals:3 | Killed Mara
 38313 | Shoals:4 | Entered Level 4 of the Shoals
 38313 | Shoals:4 | Identified Roxanne's Grimoire of Shape Shifting
 38313 | Shoals:4 | Noticed Roxanne
 38334 | Shoals:4 | Killed Roxanne
 38417 | Shoals:4 | Got a polished giant club
 38420 | Shoals:4 | Identified the +6 giant club of Plunder {vorpal, rF- Str+7
                  | Int+3} (You found it on level 4 of the Shoals)
 38498 | Shoals:4 | Found a runed translucent gate.
 38498 | Shoals:4 | Found a runed translucent gate.
 38553 | Shoals:4 | Received a gift from Okawaru
 38653 | Shoals:4 | Reached skill level 10 in Armour
 39442 | Shoals:4 | Got a barnacled rune of Zot
 39671 | Vaults:1 | Entered Level 1 of the Vaults
 39714 | Vaults:1 | Reached XP level 21. HP: 162/232 MP: 24/24
 40384 | Vaults:1 | Received a gift from Okawaru
 40807 | Vaults:1 | Found a sacrificial altar of Ru.
 41893 | Vaults:2 | Found a roughly hewn altar of Beogh.
 42330 | Vaults:2 | Received a gift from Okawaru
 42542 | Vaults:2 | You fall into a shaft and drop 2 floors!
 42732 | Vaults:4 | Found Waanteox's Antique Armour Shop.
 42739 | Vaults:4 | Bought a distressingly furry troll leather armour for 700
                  | gold pieces
 42741 | Vaults:4 | Identified the cursed +1 troll leather armour of Biun
                  | {Regen+ Dex+3} (You bought it in a shop on level 4 of the
                  | Vaults)
 42828 | Vaults:4 | Reached skill level 15 in Armour
 42908 | Vaults:4 | Reached XP level 22. HP: 101/242 MP: 25/25
 43400 | Vaults:4 | Identified the ring of Sloth {*Contam rN++ rCorr Int+4
                  | Stlth+} (You found it on level 4 of the Vaults)
 43923 | Vaults:5 | Entered Level 5 of the Vaults
 43931 | Vaults:4 | Received a gift from Okawaru
 43970 | Vaults:4 | Reached skill level 1 in Evocations
 44171 | Vaults:4 | Received a gift from Okawaru
 44413 | Vaults:5 | Reached skill level 5 in Evocations
 44570 | Vaults:5 | Noticed Saint Roka
 44725 | Vaults:4 | Killed Saint Roka
 44725 | Vaults:4 | Received a gift from Okawaru
 44841 | Vaults:5 | Identified the Grimoire of Necromancy and the Traveller
 44918 | Vaults:5 | Acquired a +4 ring of slaying
 45012 | Vaults:5 | Reached skill level 22 in Unarmed Combat
 45057 | Vaults:5 | Noticed a dread lich
 45106 | Vaults:5 | Killed a dread lich
 45106 | Vaults:5 | Received a gift from Okawaru
 45310 | Vaults:5 | Received a gift from Okawaru
 45381 | Vaults:5 | Reached XP level 23. HP: 249/250 MP: 25/25
 45528 | Vaults:5 | Reached skill level 23 in Unarmed Combat
 45640 | Vaults:5 | Received a gift from Okawaru
 45971 | Vaults:5 | Got a silver rune of Zot
 45975 | Vaults:5 | Identified the Almanac of Dislocated Bewitchment
 46004 | Vaults:5 | Identified the +1 tower shield of Tender Moments {*Contam
                  | rElec rC- Dex+9} (You found it on level 5 of the Vaults)
 46037 | Vaults:5 | Identified the Guide on Ghastly Combat Magic
 46717 | Vaults:3 | Received a gift from Okawaru
 46718 | Vaults:3 | Reached skill level 24 in Unarmed Combat
 47819 | Vaults:3 | Found a staircase to the Crypt.
 47827 | Crypt:1  | Entered Level 1 of the Crypt
 47827 | Crypt:1  | Noticed Mennas
 47946 | Vaults:3 | Reached XP level 24. HP: 241/260 MP: 25/25
 48038 | Vaults:3 | Reached skill level 25 in Unarmed Combat
 48219 | Vaults:3 | Received a gift from Okawaru
 48332 | Vaults:4 | Acquired a manual of Spellcasting
 48642 | Depths:2 | Reached skill level 1 in Spellcasting
 48834 | Depths:2 | Identified the amulet of Zebumuc {rF++ Regen+}
 49205 | Depths:2 | Reached skill level 5 in Spellcasting
 49292 | Depths:2 | Received a gift from Okawaru
 49318 | Depths:2 | Paralysed by a floating eye for 4 turns
 49668 | Depths:2 | Acquired the +0 hat "Kiul Car" {rElec rN+ Int-2}
 50081 | Depths:3 | Reached skill level 1 in Air Magic
 50135 | Depths:4 | Found a radiant altar of Vehumet.
 50147 | Depths:4 | Received a gift from Okawaru
 50153 | Depths:4 | Identified the +7 hand axe "Goblinslayer" {freeze, Fragile
                  | rElec Int+5 Dex+10}
 50311 | Depths:4 | Found the +3 Elemental Staff {rElec rF++ rC++ Will++ AC+5}
 50389 | Depths:4 | Identified Quac's Incunabulum of Ignition
 50392 | Depths:4 | Identified the Disquisition on the Glacier
 50534 | Depths:3 | You fall into a shaft and drop 2 floors!
 50534 | Depths:5 | Entered Level 5 of the Depths
 50547 | Depths:5 | Found a gate to the Realm of Zot.
 50552 | Depths:5 | Reached skill level 5 in Air Magic
 50851 | Depths:5 | Received a gift from Okawaru
 50952 | Depths:5 | Identified the +5 morningstar "Agrid" {vorpal, rF+ Str+4
                  | Dex+3}
 51051 | Depths:5 | Reached XP level 25. HP: 268/268 MP: 31/31
 51563 | Depths:5 | Received a gift from Okawaru
 51657 | Depths:4 | Found a runed translucent gate.
 51658 | Depths:4 | Found a runed translucent gate.
 51658 | Depths:4 | Noticed Gampoalomu's ghost (veteran DrTm)
 51659 | Depths:4 | Found a runed translucent gate.
 53020 | Shoals:3 | Lost mutation: You are clumsy. (Dex -2) [potion of
                  | mutation]
 53020 | Shoals:3 | Lost mutation: Scrolls take you a little longer to read.
                  | [potion of mutation]
 53020 | Shoals:3 | Lost mutation: You are dopey. (Int -2) [potion of mutation]
 53020 | Shoals:3 | Lost mutation: You are surrounded by a mild repulsion
                  | field. (EV +2) [potion of mutation]
 53020 | Shoals:3 | Gained mutation: You are partially covered in yellow
                  | scales. (AC +2) [potion of mutation]
 53048 | Shoals:4 | Found a runed translucent gate.
 53069 | Shoals:4 | Lost mutation: You can translocate small distances at will.
                  | [potion of mutation]
 53069 | Shoals:4 | Lost mutation: Your system is resistant to poisons. (rPois)
                  | [potion of mutation]
 53069 | Shoals:4 | Lost mutation: You are partially covered in yellow scales.
                  | (AC +2) [potion of mutation]
 53069 | Shoals:4 | Lost mutation: Your magical capacity is low. (-10% MP)
                  | [potion of mutation]
 53069 | Shoals:4 | Gained mutation: You expend magic power (3 MP) to
                  | strengthen your wands. [potion of mutation]
 53069 | Shoals:4 | Gained mutation: You are somewhat resistant to further
                  | mutation. [potion of mutation]
 53070 | Shoals:4 | Lost mutation: You expend magic power (3 MP) to strengthen
                  | your wands. [potion of mutation]
 53070 | Shoals:4 | Lost mutation: Armour fits poorly on your strangely shaped
                  | body. [potion of mutation]
 53070 | Shoals:4 | Gained mutation: You passively map a small area around you.
                  | [potion of mutation]
 53078 | Shoals:4 | Identified the +2 robe of Mezcal {+Fly rF- rN+ Int+7}
 53079 | Shoals:4 | Noticed Vulpy's ghost (adept MiBe)
 53135 | Shoals:4 | Killed Vulpy's ghost
 53781 | Elf:1    | Noticed Aizul
 53805 | Elf:1    | Killed Aizul
 54005 | Elf:2    | Received a gift from Okawaru
 54014 | Elf:3    | Entered Level 3 of the Elven Halls
 54135 | Elf:3    | Found Lunaqeir's Distillery.
 54140 | Elf:3    | Bought 2 potions of curing for 72 gold pieces
 54140 | Elf:3    | Bought a potion of resistance for 120 gold pieces
 54140 | Elf:3    | Bought a potion of flight for 36 gold pieces
 54140 | Elf:3    | Bought a potion of haste for 120 gold pieces
 54140 | Elf:3    | Bought a potion of might for 48 gold pieces
 54513 | Elf:3    | Reached skill level 10 in Throwing
 54987 | Elf:3    | Received a gift from Okawaru
 55142 | Elf:3    | Reached XP level 26. HP: 278/278 MP: 35/35
 55444 | Elf:3    | Identified the cursed +1 leather armour of Action {rF+
                  | Will+}
 55470 | Elf:3    | Identified the cursed +1 quarterstaff of the Pure People
                  | {freeze, rPois rN+ Dex+4}
 55585 | Elf:3    | Identified the +9 rapier "Deunos" {elec, Str+7 SInv}
 55694 | Elf:3    | Identified Sif Muna's Catalogue of the Lethal Blaze
 55758 | Elf:3    | Identified Kyjotedd's Papyrus of Shifting Stones
 56198 | Elf:1    | Received a gift from Okawaru
 56576 | Elf:2    | Found a huge runed translucent gate.
 56577 | Elf:2    | Found a huge runed translucent gate.
 56579 | Elf:2    | Found a huge runed translucent gate.
 56580 | Elf:2    | Found a huge runed translucent gate.
 56581 | Elf:2    | Found a huge runed translucent gate.
 56694 | Elf:2    | Found Vakhlylink's Gadget Emporium.
 57408 | Slime:1  | Entered Level 1 of the Pits of Slime
 57759 | Slime:2  | Gained mutation: You are frail. (-10% HP) [a shining eye]
 58203 | Slime:3  | Received a gift from Okawaru
 58334 | Slime:3  | Reached skill level 15 in Throwing
 58848 | Slime:5  | Entered Level 5 of the Pits of Slime
 59013 | Slime:4  | Received a gift from Okawaru
 59032 | Slime:5  | Gained mutation: You are dopey. (Int -2) [a shining eye]
 59056 | Slime:5  | Noticed the Royal Jelly
 59207 | Slime:4  | Received a gift from Okawaru
 59549 | Slime:5  | Killed the Royal Jelly
 60123 | Slime:5  | Found the +15 Maxwell's patent armour {-Cast -Tele rElec
                  | Will+ rCorr}
 60165 | Slime:5  | Found the +2 shield of Resistance {rF++ rC++ Will++}
 60170 | Slime:5  | Identified the Collected Works on the Mutagenic Mountains
 60182 | Slime:5  | Got a slimy rune of Zot
 60216 | Slime:5  | Identified the amulet of the Bull {+Fly rF+ Regen+ Str+3
                  | Dex+7} (You found it on level 5 of the Pits of Slime)
 60266 | Slime:5  | Got a brightly glowing copper amulet
 60282 | Slime:5  | Got a warped jade ring
 61065 | D:5      | Fell from the grace of Okawaru
 61065 | D:5      | Became a worshipper of the Shining One
 61569 | Depths:1 | Voluntarily entered the Abyss.
 61613 | Abyss:1  | Reached XP level 27. HP: 171/258 MP: 35/35
 61706 | Abyss:1  | Reached * piety under the Shining One
 61965 | Abyss:1  | Reached ** piety under the Shining One
 61983 | Abyss:1  | Paralysed by accursed screaming for 2 turns
 62160 | Abyss:1  | Found a shimmering blue altar of Sif Muna.
 62245 | Abyss:1  | Reached *** piety under the Shining One
 62437 | Abyss:2  | Identified the ring of the Crown {+Inv Will+ Str+6 Int+3}
                  | (You found it on level 2 of the Abyss)
 62443 | Abyss:2  | Identified the amulet "Fer Qesch" {RegenMP Will+ Int+2}
                  | (You found it on level 5 of the Pits of Slime)
 62444 | Abyss:2  | Identified the ring "Guphypimm" {rElec rF++ Str+8 Int+6
                  | Slay-3} (You found it on level 5 of the Pits of Slime)
 62623 | Abyss:2  | Reached **** piety under the Shining One
 62962 | Abyss:2  | Reached ***** piety under the Shining One
 63117 | Abyss:2  | Identified the Collected Works on Attacks
 63125 | Abyss:2  | Identified the Handbook of Snow
 63127 | Abyss:2  | Identified the Grimoire of Displacement
 63149 | Abyss:2  | Reached skill level 10 in Invocations
 63162 | Abyss:2  | Identified Sif Muna's Catalogue of Bewitchment
 63169 | Abyss:2  | Identified the Grimoire of the Volcanoes
 63175 | Abyss:2  | Identified the Papyrus of Ignition
 63178 | Abyss:2  | Identified the Disquisition on Darkness
 63619 | Abyss:3  | Reached ****** piety under the Shining One
 64095 | Abyss:4  | Found a corrupted altar of Lugonu.
 64096 | Abyss:4  | Found a corrupted altar of Lugonu.
 64350 | Abyss:4  | Got an abyssal rune of Zot
 64378 | Abyss:4  | Paralysed by accursed screaming for 1 turns
 64406 | Depths:1 | Escaped the Abyss
 64815 | Hell     | Killed Geryon
 64837 | Depths:1 | Reached skill level 15 in Invocations
 64881 | Hell     | Noticed an ancient lich
 64909 | Depths:1 | Killed an ancient lich
 65475 | Hell     | Found a gateway to the Iron City of Dis.
 65604 | Hell     | Found a gateway to the ashen valley of Gehenna.
 65712 | Hell     | Was forgiven by Okawaru
 65782 | Hell     | Found a gateway to the decaying netherworld of Tartarus.
 65892 | Hell     | Found a gateway to the freezing wastes of Cocytus.
 66024 | Geh:1    | Entered Level 1 of Gehenna
 67990 | Geh:6    | Noticed an ancient lich
 67997 | Geh:6    | Killed an ancient lich
 68115 | Geh:7    | Entered Level 7 of Gehenna
 68232 | Geh:7    | Reached skill level 26 in Unarmed Combat
 68861 | Geh:7    | Found the +7 sceptre of Asmodeus
 68861 | Geh:7    | Noticed Asmodeus
 68892 | Geh:7    | Killed Asmodeus
 68893 | Geh:7    | Reached skill level 27 in Unarmed Combat
 69197 | Geh:7    | Got an obsidian rune of Zot
 69253 | Geh:7    | Identified the ring of Xom's Whimsicality {Will+ SInv} (You
                  | found it on level 7 of Gehenna)
 69656 | Dis:1    | Entered Level 1 of the Iron City of Dis
 71681 | Dis:7    | Entered Level 7 of the Iron City of Dis
 73751 | Dis:7    | Identified the ring of the Pure Wishes {Will+ Int+4 Dex+4}
                  | (You found it on level 7 of the Iron City of Dis)
 73890 | Dis:7    | Identified the +3 great sword of Sulphur {pain, Int+4}
 73938 | Dis:7    | Found the amulet of the Air {Inacc +Fly rElec EV+5 RMsl}
 73999 | Dis:7    | Gained mutation: You are occasionally teleported next to
                  | monsters. [a cacodemon]
 74038 | Dis:7    | Identified the +1 tower shield "Gulef" {*Slow rElec rN+
                  | Slay+3}
 74233 | Dis:7    | Found the +4 staff of Dispater
 74233 | Dis:7    | Noticed Dispater
 74640 | Dis:7    | Killed Dispater
 74648 | Dis:7    | Got an iron rune of Zot
 75086 | Zot:1    | Entered Level 1 of the Realm of Zot
 75090 | Zot:1    | Noticed an ancient lich
 75103 | Zot:1    | Killed an ancient lich
 76626 | Zot:3    | Noticed an orb of fire
 76633 | Zot:3    | Killed an orb of fire
 77698 | Zot:3    | Cast into level 3 of the Abyss (green draconian knight)
 77853 | Zot:3    | Escaped the Abyss
 78785 | Zot:5    | Entered Level 5 of the Realm of Zot
 78785 | Zot:5    | Found a transporter.
 78787 | Zot:5    | Found a bloodstained altar of Trog.
 78788 | Zot:5    | Identified the +12 broad axe "Demon's Nightmare" {vorpal,
                  | Str+4 SInv Stlth+}
 78789 | Zot:5    | Noticed Dwachs's ghost (legendary GnIE)
 78789 | Zot:5    | Identified the +2 double sword of Saltpetre {antimagic, rF+
                  | Will+}
 78790 | Zot:5    | Identified the +0 cloak of Classification {rF+ Dex+5}
 78790 | Zot:5    | Identified the +7 scimitar of the Foremost Friars {vorpal,
                  | Will+}
 78790 | Zot:5    | Identified the +2 cloak "Sationua" {rF+ rC+ Stlth+}
 78790 | Zot:5    | Found a transporter.
 78825 | Zot:5    | Noticed a dread lich
 78825 | Zot:5    | Noticed an orb of fire
 78828 | Zot:5    | Noticed an ancient lich
 78835 | Zot:5    | Noticed an ancient lich
 78842 | Zot:5    | The Shining One protects you from harm!
 78842 | Zot:5    | Slain by an Orb Guardian

Illustrated notes

Levels and vault maps discovered:
D:3:      layout_basic, uniq_sigmund
D:4:      layout_rooms, minmay_temple_entry_glassed_door, serial_shops,
          kennysheep_mini_moat, grunt_tough_drop, uniq_pikel, uniq_duvessa,
          uniq_menkaure, uniq_natasha
D:5:      minmay_inner_zag, layout_loops_ring, kennysheep_mini,
          kennysheep_small_circle, uniq_ijyb
D:6:      layout_gridville
D:7:      layout_basic, overflow_temple_1_default, old_standard_altar
D:8:      minmay_ornate_pinched, layout_basic, led_sif_pool,
          gammafunk_ghost_nasty_kobolds, grunt_ministairs_15,
          grunt_decor_junction, uniq_erica, uniq_prince_ribbit1
D:9:      nzn_winding_woodlands_cross [nzn_winding_woodlands_5x15_jagged,
          nzn_winding_woodlands_5x15_zeroes, nzn_winding_woodlands_5x15_parted,
          nzn_winding_woodlands_5x15_default,
          nzn_winding_woodlands_15x15_boxy_spiral], layout_cave_pools,
          serial_shops, shop, bh_walls_and_bars
D:10:     minmay_s_stair_smasher, layout_cave_pools, david_lair_shrubbed,
          david_orc_5, serial_shops, nicolae_shop_stone, minmay_checkerbox,
          uniq_josephine, uniq_maurice, uniq_sonja
D:11:     layout_rooms, serial_undead, serial_undead_c, serial_undead_a,
          serial_undead_e, serial_undead_c, serial_undead_f, serial_undead_a,
          serial_undead_e, serial_undead_b, serial_undead_c, serial_undead_d
D:12:     minmay_tri_stars, layout_cave_pools, trove_entry_hex_spiral
D:13:     layout_loops_ring, gammafunk_ghost_stat_death,
          nicolae_dithmenos_through_a_glass_darkly
D:14:     layout_basic, skrybe_vaults_entry_preservation, gammafunk_ghost_split
D:15:     grunt_enter_depths_magical_seal, layout_small_grid,
          gammafunk_ghost_stat_death, serial_park_gazebo
          [serial_park_minivault_5x5_1], serial_park_tiny_1
Temple:   eino_temple_rhombus
Lair:1:   layout_layer_cave, chequers_serial_rivers_small_b, patterned_corridor,
          serial_bayou_shore_b, lemuel_fruit_tree, serial_bayou_shore_b,
          uniq_joseph
Lair:2:   layout_cave_pods, elwin_shoals_entry_rocks,
          guppyfry_snake_entry_garden, grunt_megastairs_3
Lair:3:   layout_cave_pods, portal_ice_cave_entry_pillars_1,
          serial_bayou_shore_b
Lair:4:   layout_cave_shapes, minmay_lair_oklob_chamber
Lair:5:   layout_hall_layers, slime_altar_2
Lair:6:   minmay_lair_end_enchanted_forest, layout_cave_pods
Shoals:1: layout_shoals, nicolae_shoals_circle_sea_wall, uniq_donald
Shoals:2: layout_shoals
Shoals:3: layout_shoals, nicolae_shoals_hunting_party, uniq_polyphemus,
          uniq_mara, uniq_ilsuiw
Shoals:4: shoals_end_simple, layout_shoals, shoals_ilsuiw_ice,
          gammafunk_ghost_tricky_traps, nicolae_shoals_siren_and_animal_friends,
          uniq_roxanne
Snake:1:  layout_layer_cave, special_room, grunt_megastairs_5
Snake:2:  layout_onion_interference, grunt_megastairs_4, uniq_vashnia
Snake:3:  layout_grid_maze
Snake:4:  grunt_snake_rune_serpentine_throne, layout_layer_cave,
          corexii_hall_statues_l, nicolae_snake_serpentine_hallways
Slime:1:  layout_caves, cheibrodos_slime_lost_civilization_4
Slime:2:  layout_caves
Slime:3:  layout_caves
Slime:4:  layout_caves
Slime:5
Orc:1:    layout_caves, ebering_ghost_gozag, mines2_david
Orc:2:    st_orc_ogre_mass, layout_diamond_mine, mines_bat_river
Elf:1:    minmay_elf_arrival_circle, layout_geoelf_grid, minivault_28,
          uniq_aizul
Elf:2:    layout_onion_city, mu_enter_wizlab_3, serial_shops, nicolae_shop_stone
Elf:3:    minmay_elf_hall_hex, layout_geoelf_octagon, serial_shops, shop,
          minivault_28
Vaults:1: hangedman_vaults_locks, nicolae_vaults_little_squares_3,
          nicolae_vaults_yaktaur_gun_rack, hangedman_vaults_pinch,
          vaults_room_fancy_cross, nicolae_vaults_what_the_h,
          vaults_room_grunt_arrival_ludios, layout_vaults_chaotic_city,
          basic_altar
Vaults:2: hangedman_vaults_variations, hangedman_vaults_stretched_pinwheel,
          special_room_vaults [special_room_orc], hangedman_vaults_river_flow,
          v_rooms_2, hangedman_vaults_stream, nicolae_vaults_shelves_hall,
          vaults_room_door_hall, v_misc_2, vaults_dpeg_ring,
          nicolae_vaults_rhombus_5, layout_vaults_omnigrid, serial_shops,
          shop_statue, uniq_jory
Vaults:3: nicolae_vaults_angled_halls, nicolae_vaults_arrows,
          ontoclasm_vaults_fault, ontoclasm_vaults_idyll,
          nicolae_vaults_border_crossing, minmay_crypt_entry_simple_walls,
          nicolae_vaults_triangles, nicolae_vaults_little_squares_6,
          vaults_mumra_minichess, nicolae_vaults_rhombus_5, v_misc_14,
          nicolae_vaults_statue_guard, layout_vaults_maze_bifur
Vaults:4: ontoclasm_vaults_loading_screen, v_misc_12, v_misc_1,
          ontoclasm_vaults_misaligned, nicolae_vaults_gold_heap,
          vaults_mumra_chevron, grunt_vaults_twisty, hangedman_vaults_nodes,
          v_pattern_3, vaults_mumra_minichess_inversion, vaults_dpeg_hooks,
          nicolae_vaults_rhombus_5, nicolae_vaults_asterisk, v_misc_22,
          layout_vaults_omnibox, serial_shops, shop
Vaults:5: serial_shops, uniq_saint_roka
Crypt:1:  layout_gridlike, nicolae_crypt_ancient_font, minmay_misc_feat_five,
          lemuel_dead_fish_pool, lemuel_mausoleum_altar_kikubaaqudgha,
          uniq_mennas
Depths:1: minmay_split_circle, layout_basic, rand_demon_pan_entry_8, hell_entry,
          abyss_entry_small_statue_room, dk_noncrumbling_2,
          kennysheep_generic_room_11, uniq_asterion
Depths:2: minmay_the_grid_square_5x5_5x5_mashed
          [minmay_the_grid_square_5x5_slash, minmay_the_grid_square_5x5_meh,
          minmay_the_grid_square_5x5_shrine1, minmay_the_grid_square_5x5_forky,
          minmay_the_grid_square_5x5_inner_i,
          minmay_the_grid_square_5x5_checkered,
          minmay_the_grid_square_5x5_prize_open,
          minmay_the_grid_square_5x5_minimal,
          minmay_the_grid_square_5x5_prize_junk,
          minmay_the_grid_square_5x5_six_small,
          minmay_the_grid_square_5x5_eight, minmay_the_grid_square_5x5_lines,
          minmay_the_grid_square_5x5_prize_pseudospiral,
          minmay_the_grid_square_5x5_minibox,
          minmay_the_grid_square_5x5_fancy_junction,
          minmay_the_grid_square_5x5_two_small,
          minmay_the_grid_square_5x5_prize_itemx, minmay_the_grid_square_5x5_n,
          minmay_the_grid_square_5x5_prize_gold,
          minmay_the_grid_square_5x5_gyroscope,
          minmay_the_grid_square_5x5_hourglass,
          minmay_the_grid_square_5x5_n_small,
          minmay_the_grid_square_5x5_doubleslash,
          minmay_the_grid_square_5x5_two_walls_a,
          minmay_the_grid_square_5x5_three_small], layout_small_grid,
          enter_ziggurat_c, hell_entry, abyss_entry
Depths:3: minmay_octagon_keep, layout_basic, pf_hell_entry_great_geh,
          abyss_entry, pan_entry, columned_hall_lemuel, firewood_loft
Depths:4: mu_elemental_laboratory, layout_basic, biasface_ghost_demon_polymorph,
          abyss_entry, hell_entry, hangedman_decor_slide_cut,
          hangedman_feature_mirror, infiniplex_staircase_door_maze,
          serial_bayou_shore_b, serial_bayou_shore_b, serial_bayou_shore_b
Depths:5: evilmike_zot_entry_argh, layout_twisted_cross, pf_hell_entry_tar_river
Hell
Dis:1:    layout_jigsaw
Dis:2:    layout_chaotic_city
Dis:3:    layout_gridville
Dis:4:    lightli_tower_of_babel, layout_regular_city
Dis:5:    layout_subdivisions
Dis:6:    hangedman_iron_city_apartments, layout_regular_city,
          grunt_dis_stairs_iron_hall
Dis:7:    iron_city_of_dis [dis_grunt, dis_wall_1], layout_chaotic_city
Geh:1:    layout_gehenna_pools_box, gehenna_fire_generator
Geh:2:    layout_gehenna_lava_caves
Geh:3:    layout_gehenna_pools_box
Geh:4:    layout_gehenna_lava_caves, nicolae_geh_amphitheater
Geh:5:    layout_gehenna_lava_caves, lemuel_elevator
Geh:6:    layout_gehenna_pools_basic, lemuel_flamethrower_2
Geh:7:    geh_mu
Zot:1:    ebering_greatest_show_in_zot, layout_gridlike
Zot:2:    hangedman_zot_vaults_quadrants, layout_concentric_octagons,
          st_large_dragon_hoard_4
Zot:3:    layout_concentric_octagons
Zot:4:    lemuel_firehouse, layout_onion, st_single_dragon_hoard_1
Zot:5:    layout_basic, gammafunk_ghost_wrathful_warriors

Skill      XL: |  1  2  3  4  5  6  7  8  9 10 11 12 13 14 15 16 17 18 19 20 21 22 23 24 25 26 27 |
---------------+----------------------------------------------------------------------------------+-----
Unarmed Combat | 3 4 5 6 7 9 11 12 14 17 19 21 22 24 25 27 | 27.0
Armour         | 1 4 11 15 16 19 | 19.0
Throwing       | 5 11 16 | 16.7
Fighting       | 3 11 14 17 21 | 21.7
Shields        | 4 9 10 11 14 15 20 | 20.0
Invocations    | 8 9 18 | 18.0
Evocations     | 5 |  5.7
Spellcasting   | 9 |  9.1
Air Magic      | 6 9 |  9.7
Stealth        | 3 |  3.0
Dodging        | |  1.5

Action                   |  1- 3 |  4- 6 |  7- 9 | 10-12 | 13-15 | 16-18 | 19-21 | 22-24 | 25-27 || total
-------------------------+-------+-------+-------+-------+-------+-------+-------+-------+-------++-------
Melee: Unarmed           |    24 |   148 |   246 |   614 |  1096 |  1787 |  1972 |  1654 |  5728 || 13269
       Punch             |       |     2 |    11 |    23 |       |       |       |     2 |     1 ||    39
Throw: Large rock        |       |       |       |     5 |    26 |       |       |     1 |    24 ||    56
       Boomerang         |       |       |       |     5 |     8 |       |       |       |       ||    13
 Cast: Swiftness         |       |       |       |       |       |       |       |       |     2 ||     2
Invok: Heroism           |       |       |       |     8 |    10 |    12 |     9 |    14 |    12 ||    65
       Finesse           |       |       |       |       |     1 |     4 |     3 |     3 |     1 ||    12
       Summon Divine War |       |       |       |       |       |       |       |       |    15 ||    15
       Cleansing Flame   |       |       |       |       |       |       |       |       |     8 ||     8
       Divine Shield     |       |       |       |       |       |       |       |       |     6 ||     6
 Abil: Evoke Flight      |       |       |       |       |       |       |       |       |     1 ||     1
Evoke: Wand              |       |       |       |     3 |       |       |       |       |     1 ||     4
  Use: Potion            |       |     2 |     4 |     6 |     1 |     8 |     8 |       |    30 ||    59
       Scroll            |       |     1 |       |    16 |    10 |     8 |    13 |     9 |    22 ||    79
 Stab: Sleeping          |       |     3 |     4 |       |       |       |       |       |       ||     7
       Distracted        |       |       |       |     1 |       |       |       |       |       ||     1
       Paralysed         |       |       |       |       |       |     1 |       |       |       ||     1
Armor: Robe              |     5 |    34 |    44 |    43 |       |       |       |       |       ||   126
       Gold dragon scale |       |       |       |   257 |   508 |   591 |   634 |   538 |  2237 ||  4765
       Skin              |       |       |       |     9 |       |       |       |       |       ||     9
Dodge: Dodged            |     7 |    97 |   122 |   242 |   274 |   211 |   370 |   244 |   601 ||  2168
Block: Kite shield       |       |       |       |   179 |   607 |   146 |       |       |  1340 ||  2272
       Tower shield      |       |       |       |       |       |  1390 |  2536 |  1872 |  3987 ||  9785

Table legend: (Time is in decaauts)
 A = Elapsed time spent in this place.
 B = Non-inter-level travel time spent in this place.
 C = Inter-level travel time spent in this place.
 D = Time resting spent in this place.
 E = Time spent auto-exploring this place.
 F = Levels seen in this place.
 G = Mean time per level.
                   A        B        C        D        E       F      G
               +--------+--------+--------+--------+--------+-----+--------+
         Total |  73473 |  67420 |   6053 |  12631 |  35016 |  82 |  896.0 |
       Dungeon |  14155 |  11766 |   2389 |   1852 |   7111 |  13 | 1088.8 |
        Temple |     15 |      9 |      6 |      0 |      2 |   1 |   15.0 |
          Lair |   7597 |   6795 |    802 |    810 |   4860 |   6 | 1266.2 |
        Shoals |   4263 |   3964 |    299 |    702 |   1825 |   4 | 1065.8 |
     Snake Pit |   7304 |   6771 |    533 |   1562 |   4029 |   4 | 1826.0 |
    Slime Pits |   2798 |   2661 |    137 |    833 |   1086 |   5 |  559.6 |
  Orcish Mines |   1906 |   1773 |    133 |    183 |   1195 |   2 |  953.0 |
   Elven Halls |   3233 |   3039 |    194 |    360 |   1597 |   3 | 1077.7 |
        Vaults |   8027 |   7598 |    429 |   1116 |   4425 |   5 | 1605.4 |
         Crypt |      1 |      1 |      0 |      0 |      0 |   1 |    1.0 |
        Depths |   7506 |   6929 |    577 |   2012 |   2875 |   5 | 1501.2 |
          Hell |   1079 |   1018 |     61 |    244 |    381 |   1 | 1079.0 |
           Dis |   4683 |   4366 |    317 |   1071 |   1400 |   7 |  669.0 |
       Gehenna |   2858 |   2707 |    151 |    198 |   1006 |   7 |  408.3 |
           Zot |   3389 |   3367 |     22 |    999 |   1582 |   5 |  677.8 |
         Abyss |   4277 |   4277 |      0 |    675 |   1537 |  12 |  356.4 |
      Ice Cave |    376 |    376 |      0 |     10 |    101 |   1 |  376.0 |
               +--------+--------+--------+--------+--------+-----+--------+

Top non-repeatable levels by time:
Depths:1: 3714 daAuts
 Snake:4: 2418 daAuts
   Dis:7: 2326 daAuts
     D:9: 2134 daAuts
Vaults:4: 2017 daAuts
   Elf:3: 1893 daAuts
 Snake:3: 1888 daAuts
 Snake:1: 1874 daAuts
     D:8: 1780 daAuts
Vaults:5: 1687 daAuts
Vaults:1: 1596 daAuts
    D:14: 1586 daAuts
Vaults:3: 1526 daAuts
  Lair:2: 1513 daAuts
   Zot:1: 1471 daAuts
